 Dungeon Crawl Stone Soup version 0.30-a0-743-gbfdf073431 (webtiles) character file.

Game seed: 524235745737622177

82388 retardedninja the Executioner (level 15, -13/141 HPs)
             Began as a Hill Orc Fighter on Feb 7, 2023.
             Was an Initiate of Jiyva.
             Mangled by a nine-headed hydra (19 damage)
             ... on level 1 of the Swamp.
             The game lasted 00:41:42 (28409 turns).

retardedninja the Executioner (Hill Orc Fighter)   Turns: 28409, Time: 00:41:43

Health: -13/141    AC: 36    Str: 36    XL:     15   Next: 73%
Magic:  15/15      EV:  5    Int: 14    God:    Jiyva [......]
Gold:   917        SH: 24    Dex: 12    Spells: 14/14 levels left

rFire   + . .      SeeInvis +    u - +6 consecrated labrys {holy, Valiant Fragile Fly SInv}
rCold   . . .      Faith    .    E - +2 tower shield
rNeg    . . .      Spirit   .    p - +2 crystal plate armour
rPois   +          Reflect  +    n - +2 hat {Will+}
rElec   +          Harm     .    t - +2 cloak
rCorr   .          Rampage  .    j - +2 pair of gloves
Will    +++++                    N - +1 pair of boots of Beauty {rElec rC+ Dex+4 Stlth+} Stlth
                                 c - amulet of reflection
HPRegen 0.43/turn                y - ring "Maimoego" {Fire rPois Str+6}
MPRegen 0.14/turn                q - ring of Daekkaeh {rElec Will+++ Str+3 Int+6 Dex-2}

@: flying
A: no striking features
a: Renounce Religion


You were on level 1 of the Swamp.
You worshipped Jiyva.
Jiyva was noncommittal.
You visited 6 branches of the dungeon, and saw 29 of its levels.
You also visited: Ossuary, Bailey, Gauntlet and Volcano.

You collected 7046 gold pieces.
You spent 3895 gold pieces at shops.
You paid 2234 gold pieces to Gozag.

Inventory:

Hand Weapons
 u - the +6 consecrated labrys (weapon) {holy, Valiant Fragile Fly SInv}
   (You bought it in a shop on level 2 of the Lair of Beasts)

   Valiant:   It becomes more powerful as more dangerous foes come into view.
   SInv:      It lets you see invisible.
   Fly:       It grants you flight.
   Fragile:   It will be destroyed if unequipped.
Missiles
 d - 2 throwing nets
 C - 13 silver javelins (quivered)
Armour
 j - a +2 pair of gloves (worn)
 n - a +2 hat of willpower (worn)
 p - a +2 crystal plate armour (worn)
 t - a +2 cloak (worn)
 E - a +2 tower shield (worn)
 N - the +1 pair of boots of Beauty (worn) {rElec rC+ Dex+4 Stlth+}
   (You bought it in a shop on level 10 of the Dungeon)

   Dex:       It affects your dexterity (+4).
   rC:        It protects you from cold.
   rElec:     It insulates you from electricity.
   Stlth:     It makes you more stealthy.
Jewellery
 c - an amulet of reflection (around neck)
 q - the ring of Daekkaeh (right hand) {rElec Will+++ Str+3 Int+6 Dex-2}
   (You found it on level 3 of the Lair of Beasts)

   [ring of intelligence]

   Str:       It affects your strength (+3).
   Int:       It affects your intelligence (+6).
   Dex:       It affects your dexterity (-2).
   rElec:     It insulates you from electricity.
   Will:      It greatly increases your willpower.
 y - the ring "Maimoego" (left hand) {Fire rPois Str+6}
   (You bought it in a shop on level 2 of the Lair of Beasts)

   [ring of fire]

   It enhances your fire magic.
   Str:       It affects your strength (+6).
   rF:        It protects you from fire.
   rC:        It makes you vulnerable to cold.
   rPois:     It protects you from poison.
Wands
 h - a wand of roots (40)
 m - a wand of acid (4)
 s - a wand of mindburst (7)
 D - a wand of digging (4)
 H - a wand of flame (29)
 I - a wand of paralysis (16)
Scrolls
 a - a scroll of enchant armour
 g - 11 scrolls of teleportation
 i - 2 scrolls of poison
 v - 3 scrolls of fog
 w - 12 scrolls of identify
 x - 3 scrolls of fear
 z - 7 scrolls of amnesia
 O - 3 scrolls of silence
Potions
 e - 6 potions of heal wounds
 k - 15 potions of curing
 l - 4 potions of attraction
 o - 7 potions of mutation
 r - 4 potions of flight
 A - 2 potions of cancellation
 F - 3 potions of lignification
 G - a potion of berserk rage
 K - 3 potions of brilliance
 L - 2 potions of magic
Miscellaneous
 B - a condenser vane (inert)


   Skills:
 + Level 15.2 Fighting
 * Level 22.1 Axes
 + Level 14.0 Armour
 + Level 14.0 Shields


You had 14 spell levels left.
You didn't know any spells.
Your spell library contained the following spells:

 Spells                   Type           Power      Damage    Failure   Level
 Apportation              Tloc           0%         N/A       100%        1
 Beastly Appendage        Tmut           0%         N/A       100%        1
 Magic Dart               Conj           0%         1d3       100%        1
 Necrotise                Necr           0%         1d4       100%        1
 Blink                    Tloc           0%         N/A       100%        2
 Ensorcelled Hibernation  Hex/Ice        0%         N/A       100%        2
 Lesser Beckoning         Tloc           0%         N/A       100%        2
 Momentum Strike          Conj/Tloc      0%         3d8       100%        2
 Passwall                 Tmut/Erth      0%         N/A       100%        2
 Scorch                   Fire           0%         2d5       100%        2
 Searing Ray              Conj           0%         2d4       100%        2
 Sublimation of Blood     Necr           0%         N/A       100%        2
 Wereblood                Tmut           0%         N/A       100%        2
 Spider Form              Tmut/Pois      0%         N/A       100%        3
 Stone Arrow              Conj/Erth      0%         3d7       100%        3
 Swiftness                Air            0%         N/A       100%        3
 Vampiric Draining        Necr           0%         2d6       100%        3
 Animate Armour           Summ/Erth      0%         N/A       100%        4
 Flame Wave               Conj/Fire      0%         2d4       100%        4
 Fulminant Prism          Conj/Hex       0%         3d5       100%        4
 Petrify                  Tmut/Erth      0%         N/A       100%        4
 Agony                    Necr           0%         N/A       100%        5
 Alistair's Intoxication  Tmut/Pois      0%         N/A       100%        5
 Irradiate                Conj/Tmut      0%         3d11      100%        5
 Summon Cactus Giant      Summ           0%         N/A       100%        6
 Lehudib's Crystal Spear  Conj/Erth      0%         10d2      100%        8


Dungeon Overview and Level Annotations

Branches:
Dungeon (15/15)            Temple (1/1) D:5            Lair (5/5) D:11
  Swamp (1/4) Lair:2       Spider (0/4) Lair:2        Slime (5/5) Lair:4
    Orc (2/2) D:12            Elf (0/3) Orc:2        Vaults (0/5) D:13
 Depths (0/4) D:15        Ossuary (visited)          Bailey (visited)
Volcano (visited)         Gauntlet (visited)

Altars:
Ashenzari
Cheibriados
Dithmenos
Elyvilon
Fedhas
Gozag
Hepliaklqana
Kikubaaqudgha
Makhleb
Nemelex Xobeh
Okawaru
Qazlal
Ru
Sif Muna
Trog
Uskayaw
Vehumet
Wu Jian
Xom
Yredelemnul
Zin
The Shining One
Beogh
Jiyva

Shops:
D:10 [?:[!   D:11 [   D:12 [(   Orc:2 [[?[   Lair:2 *(!


Message History

The nine-headed hydra bites you but does no damage. x3
Blink to where?
Press: ? - help, Q - select action, (/) - cycle Dir - move target
As you read the scroll of blinking, it crumbles to dust.
Okay, then.
You feel much better.
The nine-headed hydra bites you but does no damage.
You block the nine-headed hydra's attack.
The nine-headed hydra bites you!
You block the nine-headed hydra's attack.
The nine-headed hydra bites you.
The nine-headed hydra bites you but does no damage.
You block the nine-headed hydra's attack.
The nine-headed hydra bites you!
* * * LOW HITPOINT WARNING * * *
The nine-headed hydra bites you but does no damage.
You hear a distant slurping noise.
You block the nine-headed hydra's attack.
The nine-headed hydra bites you.
* * * LOW HITPOINT WARNING * * *
You block the nine-headed hydra's attack.
The nine-headed hydra bites you!
* * * LOW HITPOINT WARNING * * *
The nine-headed hydra bites you but does no damage.
The nine-headed hydra bites you!
* * * LOW HITPOINT WARNING * * *
The nine-headed hydra bites you but does no damage. x3
You can't see any enemies this would affect, really read the scroll of fear?
Okay, then.
Aiming: Paralyse
Press: ? - help, Q - select action, (/) - cycle Shift-Dir - straight line, f - nine-headed hydra
Aim: a nine-headed hydra (moderately wounded, berserk, incited by Gozag, chance to affect: 17%)
The nine-headed hydra resists with almost no effort.
You block the nine-headed hydra's attack. x2
The nine-headed hydra barely misses you. x2
The nine-headed hydra bites you but does no damage.
You block the nine-headed hydra's attack.
The nine-headed hydra bites you but does no damage. x2
The nine-headed hydra bites you!!
You die...

~~~.~~~ ~~~.~~~
...♣ ~~~!~~. ♣§..♣
~...~~ ♣♣~~..♣
.~~~♣.
♣..~♣~.♣♣♣♣~~~~.
♣.~~~~.~♣♣..♣~♣ ~
...§~~~~.♣@~~♣~~>
..~~~~~)))D~~~♣~~$
..!.~.†~~).~~~~~~~
..♣♣♣..~~♣§~~~~~.~
♣♣.~~~...~~...
♣~~~~.♣~~§.§~
♣..~~~.~~~~~~.
♣.§..♣♣~♣~~.~~
..~.♣♣ .§ §~~


You could see a nine-headed hydra (berserk, incited).

Vanquished Creatures
  Gastronok (Lair:1)
  2 orc warlords
  Azrael (Orc:2)
  A dire elephant (Lair:5)
  A minotaur (Gauntlet)
  3 vault guards (D:13)
  An ogre mage (D:15)
  4 centaur warriors
  3 catoblepae
  3 hydras
  3 boulder beetles
  2 two-headed ogres
  2 tengu warriors (D:10)
  4 orc high priests (Orc:2)
  Nergalle (Lair:1)
  2 thrashing horrors (Gauntlet)
  Sonja (D:10)
  A soul eater (D:12)
  4 skeletal warriors
  A bog body (Lair:2)
  A spriggan druid (Swamp:1)
  3 lindwurms
  A wizard (D:13)
  A deep elf archer (Orc:2)
  7 orc knights
  A tengu zombie (D:15)
  4 deep elf pyromancers
  A wolf spider (Lair:5)
  6 ugly things
  A cyclops (D:11)
  A manticore (Lair:5)
  A fire giant zombie (D:15)
  8 orc sorcerers
  5 elephants (Lair:5)
  2 rust devils (D:12)
  2 black mambas
  An orange demon (D:12)
  10 cane toads
  A torpor snail (Lair:5)
  3 gargoyles
  A yaktaur (D:13)
  2 unseen horrors
  4 rime drakes
  An efreet (Volcano)
  7 komodo dragons
  A tengu conjurer (D:15)
  8 trolls
  Grinder (D:6)
  A polar bear (Lair:4)
  A tyrant leech (Lair:2)
  2 hornets (Swamp:1)
  A blink frog (Lair:5)
  A spriggan zombie (D:15)
  3 flying skulls (Gauntlet)
  A human (D:13)
  8 spriggans
  A shadow (D:11)
  2 fire elementals
  A wraith (D:10)
  4 wyverns
  A hog (shapeshifter) (D:14)
  A basilisk (Lair:5)
  40 yaks
  3 steam dragons
  4 vampire mosquitoes (D:12)
  A chaos spawn (D:12)
  5 wargs
  9 swamp worms
  2 acid dragons
  19 water moccasins
  6 hell hounds (Orc:2)
  2 small abominations (Gauntlet)
  30 orc warriors
  A meliai simulacrum (D:14)
  2 ice beasts
  5 black bears
  A hornet zombie (Ossuary)
  2 sky beasts
  11 ogres
  16 wolves
  12 centaurs
  2 phantoms
  14 bullfrogs
  4 kobold brigands
  9 scorpions
  4 gnoll sergeants
  2 necrophages (D:6)
  A water moccasin zombie (Ossuary)
  A wyvern zombie (Ossuary)
  15 killer bees
  3 electric eels
  3 howler monkeys
  A jelly (D:7)
  A quasit (D:12)
  5 centaur zombies (Ossuary)
  8 bullfrog zombies (Ossuary)
  12 orc priests
  3 gnoll boudas
  5 hounds
  An iguana (D:5)
  Jessica (D:3)
  16 orc wizards
  Natasha (D:2)
  3 killer bee zombies (Ossuary)
  11 mummies (Ossuary)
  5 howler monkey zombies (Ossuary)
  35 gnolls
  5 adders
  A white imp (D:6)
  A worm (D:2)
  78 orcs
  5 ball pythons
  6 endoplasms
  6 giant cockroaches
  14 goblins
  6 hobgoblins
  11 jackals
  20 kobolds
  7 quokkas
  6 bats
  A frilled lizard (D:2)
  5 rats
663 creatures vanquished.

Vanquished Creatures (others)
  A vampire mage (D:15)
  A manticore (Lair:5)
  A swamp drake (Swamp:1)
  A kobold brigand (D:8)
  3 jellies (Swamp:1)
  A kobold (D:9)
  20 fungi
  35 plants
  15 withered plants
78 creatures vanquished.

Grand Total: 741 creatures vanquished

Notes
Turn   | Place    | Note
-------+----------+-------------------------------------------
     0 | D:1      | retardedninja the Hill Orc Fighter began the quest for the
                  | Orb.
     0 | D:1      | Reached XP level 1. HP: 19/19 MP: 1/1
    97 | D:1      | Reached skill level 3 in Axes
   261 | D:1      | Reached XP level 2. HP: 24/27 MP: 2/2
   974 | D:2      | Reached XP level 3. HP: 28/33 MP: 3/3
  1003 | D:2      | Noticed Natasha
  1355 | D:2      | Found a blossoming altar of Fedhas.
  1526 | D:2      | Reached skill level 4 in Axes
  1526 | D:2      | Killed Natasha
  1527 | D:2      | Reached XP level 4. HP: 24/40 MP: 4/4
  1673 | D:2      | Reached XP level 5. HP: 37/47 MP: 5/5
  2047 | D:3      | Found a hazy altar of Hepliaklqana.
  2176 | D:3      | Found an ancient bone altar of Kikubaaqudgha.
  2186 | D:3      | Found a radiant altar of Vehumet.
  2186 | D:3      | Found a shimmering altar of Xom.
  2187 | D:3      | Found a basalt altar of Yredelemnul.
  2301 | D:3      | Reached skill level 5 in Axes
  2521 | D:3      | Noticed Jessica
  2533 | D:3      | Killed Jessica
  2618 | D:4      | Found an iron altar of Okawaru.
  2637 | D:4      | Reached XP level 6. HP: 45/53 MP: 6/6
  2661 | D:4      | Found a sand-covered staircase.
  2672 | Ossuary  | Entered an ossuary
  2803 | Ossuary  | Reached skill level 5 in Fighting
  2823 | Ossuary  | Reached skill level 6 in Axes
  2882 | Ossuary  | Reached XP level 7. HP: 4/61 MP: 7/7
  3026 | Ossuary  | Reached skill level 5 in Armour
  3026 | Ossuary  | Reached skill level 5 in Shields
  3043 | Ossuary  | Reached skill level 7 in Axes
  3150 | Ossuary  | Reached XP level 8. HP: 70/70 MP: 8/8
  3579 | Ossuary  | Reached skill level 8 in Axes
  4407 | D:5      | Entered Level 5 of the Dungeon
  4424 | D:5      | Found a staircase to the Ecumenical Temple.
  4453 | Temple   | Entered the Ecumenical Temple
  4576 | Temple   | Became a worshipper of Gozag Ym Sagoz the Greedy
  4622 | D:5      | Reached skill level 9 in Axes
  4905 | D:5      | Reached XP level 9. HP: 79/79 MP: 9/9
  5637 | D:6      | Reached skill level 10 in Axes
  5952 | D:6      | Noticed Grinder
  5952 | D:6      | Paralysed by Grinder for 2 turns
  5967 | D:6      | Killed Grinder
  7297 | D:7      | Found a glowing silver altar of Zin.
  7399 | D:7      | Found a shadowy altar of Dithmenos.
  7604 | D:7      | Reached skill level 11 in Axes
  8123 | D:7      | Found an ornate altar of the Wu Jian Council.
  8334 | D:8      | Reached XP level 10. HP: 88/88 MP: 10/10
  8493 | D:8      | Reached skill level 12 in Axes
  9241 | D:9      | Found a flagged portal.
  9265 | Bailey   | Entered a bailey
  9476 | Bailey   | Noticed a two-headed ogre
  9488 | Bailey   | Killed a two-headed ogre
  9489 | Bailey   | Reached skill level 13 in Axes
  9820 | Bailey   | Identified the +1 fire dragon scales of the Voracious God
                  | {rElec rF++ rC- Int+3 Slay+3}
  9833 | Bailey   | Identified the +6 dagger "Nizyez" {drain, rPois Str+2}
  9929 | D:9      | Reached XP level 11. HP: 97/97 MP: 11/11
 10406 | D:9      | Reached skill level 14 in Axes
 10793 | D:10     | Entered Level 10 of the Dungeon
 10793 | D:10     | Found Beuc's Book Shop.
 10805 | D:10     | Reached skill level 10 in Fighting
 10936 | D:10     | Found Hyf Vege's Antique Armour Shoppe.
 10944 | D:10     | Bought a pair of crude boots for 275 gold pieces
 10944 | D:10     | Identified the +1 pair of boots of Beauty {rElec rC+ Dex+4
                  | Stlth+} (You bought it in a shop on level 10 of the
                  | Dungeon)
 11088 | D:10     | Found Taniowkel's Antique Armour Shop.
 11217 | D:10     | Found Xaeneth's Distillery.
 11241 | D:10     | Noticed Sonja
 11243 | D:10     | Killed Sonja
 11359 | D:10     | Noticed a tengu warrior
 11793 | D:10     | Killed a tengu warrior
 11798 | D:10     | Killed a tengu warrior
 11799 | D:10     | Reached skill level 15 in Axes
 11913 | D:10     | Found Esosev's Magic Scroll Shoppe.
 11925 | D:10     | Bought a scroll of acquirement for 572 gold pieces
 11925 | D:10     | Acquired the +6 plate armour "Warhin" {*Slow Will++}
 12188 | D:11     | Noticed a centaur warrior
 12190 | D:11     | Killed a centaur warrior
 12195 | D:11     | Reached skill level 10 in Shields
 12195 | D:11     | Reached XP level 12. HP: 105/108 MP: 12/12
 12207 | D:11     | Reached skill level 10 in Armour
 12253 | D:11     | Found Comej's Armour Shoppe.
 12291 | D:11     | Bought a +2 pair of gloves for 231 gold pieces
 12395 | D:11     | Reached skill level 16 in Axes
 12733 | D:11     | Found a staircase to the Lair.
 12770 | Lair:1   | Entered Level 1 of the Lair of Beasts
 12772 | Lair:1   | Noticed Nergalle
 12785 | Lair:1   | Killed Nergalle
 13782 | Lair:1   | Noticed a catoblepas
 13783 | Lair:1   | Noticed Gastronok
 13801 | Lair:1   | Killed a catoblepas
 13819 | Lair:1   | Killed Gastronok
 13991 | Lair:1   | Reached skill level 17 in Axes
 14644 | Lair:2   | Reached XP level 13. HP: 118/118 MP: 13/13
 15586 | Lair:2   | Found a staircase to the Swamp.
 15658 | Lair:2   | Found a hole to the Spider Nest.
 16263 | Lair:3   | Identified the ring of Daekkaeh {rElec Will+++ Str+3 Int+6
                  | Dex-2}
 16357 | Lair:3   | Reached skill level 18 in Axes
 16588 | Lair:3   | You fall into a shaft and drop 2 floors!
 16588 | Lair:5   | Entered Level 5 of the Lair of Beasts
 16749 | Lair:4   | Found a dark tunnel.
 16754 | Volcano  | Entered a volcano
 17529 | Lair:3   | Found an ornate altar of the Wu Jian Council.
 17529 | Lair:3   | Found a hide-covered altar of Uskayaw.
 17979 | Lair:4   | Acquired a +0 crystal plate armour
 18261 | Lair:4   | Found a viscous altar of Jiyva.
 18261 | Lair:4   | Found a staircase to the Slime Pits.
 19101 | Lair:5   | Reached skill level 19 in Axes
 19320 | Lair:5   | Reached XP level 14. HP: 129/129 MP: 14/14
 19667 | Lair:5   | Noticed a dire elephant
 19684 | Lair:5   | Killed a dire elephant
 20978 | D:12     | Found Raten's Armour Emporium.
 20978 | D:12     | Found a staircase to the Orcish Mines.
 20980 | D:12     | Found Kidevoar's Weapon Emporium.
 21284 | D:12     | Reached skill level 20 in Axes
 21946 | Orc:1    | Entered Level 1 of the Orcish Mines
 22275 | Orc:1    | Noticed an orc warlord
 22288 | Orc:1    | Killed an orc warlord
 22314 | Orc:2    | Entered Level 2 of the Orcish Mines
 22363 | Orc:2    | Found a roughly hewn altar of Beogh.
 22609 | Orc:2    | Noticed an orc warlord
 22631 | Orc:2    | Killed an orc warlord
 22924 | Orc:2    | Found a staircase to the Elven Halls.
 22976 | Orc:2    | Noticed Azrael
 23017 | Orc:2    | Killed Azrael
 23154 | Orc:2    | Reached XP level 15. HP: 139/139 MP: 15/15
 23167 | Orc:2    | Reached skill level 21 in Axes
 23269 | Orc:2    | Found Caholao's Armour Emporium.
 23269 | Orc:2    | Found Waxtuim's Magic Scroll Boutique.
 23272 | Orc:2    | Found Vioniu's Antique Armour Emporium.
 23272 | Orc:2    | Found Ywkihoj's Antique Armour Boutique.
 23288 | Orc:2    | Bought a scroll of enchant weapon for 97 gold pieces
 23288 | Orc:2    | Bought a scroll of brand weapon for 123 gold pieces
 23960 | D:13     | Found a gate to the Vaults.
 25308 | D:15     | Entered Level 15 of the Dungeon
 25367 | D:15     | Found a gate leading to a gauntlet.
 25374 | Gauntlet | Entered a Gauntlet
 25374 | Gauntlet | Found a transporter.
 25374 | Gauntlet | Found a runed translucent door.
 25374 | Gauntlet | Found a runed translucent door.
 25379 | Gauntlet | Found a transporter.
 25381 | Gauntlet | Found a transporter.
 25396 | Gauntlet | Found a transporter.
 25399 | Gauntlet | Found a transporter.
 25411 | Gauntlet | Found a transporter.
 25418 | Gauntlet | Found a runed translucent door.
 25425 | Gauntlet | Found a transporter.
 25436 | Gauntlet | Found a transporter.
 25447 | Gauntlet | Found a transporter.
 25475 | Gauntlet | Found a transporter.
 25475 | Gauntlet | Found a transporter.
 25477 | Gauntlet | Found a transporter.
 25501 | Gauntlet | Found a transporter.
 25529 | Gauntlet | Found a transporter.
 25716 | Gauntlet | Identified the +1 hat of Resourcefulness {Harm rF+ Str+3
                  | Int-3}
 25970 | D:15     | Reached skill level 15 in Fighting
 26014 | D:15     | Found a hazy altar of Hepliaklqana.
 26054 | D:15     | Found a staircase to the Depths.
 26597 | Swamp:1  | Entered Level 1 of the Swamp
 26638 | Lair:2   | Bought the +5 consecrated labrys {holy, Valiant Fragile Fly
                  | SInv} for 1556 gold pieces
 26638 | Lair:2   | Found the +5 consecrated labrys {holy, Valiant Fragile Fly
                  | SInv}
 26642 | Lair:2   | Bought a scroll of enchant armour for 127 gold pieces
 26642 | Lair:2   | Bought a potion of berserk rage for 85 gold pieces
 26642 | Lair:2   | Bought the ring "Maimoego" {Fire rPois Str+6} for 829 gold
                  | pieces
 26712 | Lair:4   | Fell from the grace of Gozag
 26712 | Lair:4   | Became a worshipper of Jiyva Juothimp the Shapeless
 26715 | Slime:1  | Entered Level 1 of the Pits of Slime
 26744 | Slime:1  | Noticed an acid blob
 26754 | Slime:1  | Noticed an acid blob
 26844 | Slime:2  | Noticed an azure jelly
 26876 | Slime:2  | Noticed an acid blob
 26878 | Slime:2  | Noticed an azure jelly
 27032 | Slime:3  | Noticed an azure jelly
 27032 | Slime:3  | Noticed an acid blob
 27059 | Slime:3  | Noticed an acid blob
 27112 | Slime:3  | Noticed an acid blob
 27320 | Slime:4  | Noticed a rockslime
 27321 | Slime:4  | Noticed an acid blob
 27516 | Slime:5  | Entered Level 5 of the Pits of Slime
 27516 | Slime:5  | Noticed an acid blob
 27522 | Slime:5  | Noticed an acid blob
 27526 | Slime:5  | Noticed an azure jelly
 27550 | Slime:5  | Noticed an acid blob
 27555 | Slime:5  | Noticed an acid blob
 27574 | Slime:5  | Noticed an azure jelly
 27606 | Slime:5  | Noticed an azure jelly
 27645 | Slime:5  | Noticed an azure jelly
 27648 | Slime:5  | Noticed a rockslime
 27649 | Slime:5  | Noticed an acid blob
 27659 | Slime:5  | Noticed an acid blob
 27682 | Slime:5  | Noticed an acid blob
 27688 | Slime:5  | Found a viscous altar of Jiyva.
 27693 | Slime:5  | Noticed an acid blob
 27694 | Slime:5  | Noticed a rockslime
 27714 | Slime:5  | Found the macabre finger necklace {Finger+ rN+}
 27880 | Lair:2   | Reached skill level 22 in Axes
 28408 | Swamp:1  | HP: 6/141 [nine-headed hydra (8)]
 28409 | Swamp:1  | Mangled by a nine-headed hydra

Illustrated notes

Levels and vault maps discovered:
D:1:      scummos_arrival_gate, layout_basic, roderic_serpentine_path
D:2:      layout_rooms, basic_altar, minmay_nonomino_d4, uniq_natasha
D:3:      layout_rooms, lemuel_round_altar,
          chequers_temple_overflow_statue_of_worship, kennysheep_jessica_study
D:4:      layout_basic, okawaru_gym_becter, nicolae_ossuary_entry_monument,
          grunt_ministairs_10
D:5:      layout_loops_ring, temple_pool_b, minmay_puff
D:6:      layout_cave_pods, st_stairs_6, grunt_decor_mini_mirrors, uniq_grinder
D:7:      layout_basic, zin_academy, mainiacjoe_overflow_surrounded_room,
          nicolae_wu_jian_glorious_leap
D:8:      minmay_evil_eye, layout_basic, hangedman_decor_clover_reticule
D:9:      nicolae_cairo_tiling_very_big, layout_irregular_city, enter_bailey_3,
          hangedman_decor_diamond_cutter
D:10:     layout_basic, serial_shops, nicolae_shop_hallway_plus, shop, shop,
          nicolae_stop_n_shop_1, nicolae_stop_n_shop_1,
          dreamdust_princess_corridor, kennysheep_opposing_triangles, uniq_sonja
D:11:     layout_rooms, david_lair_shrubbed, serial_shops, shop_coins
D:12:     layout_loops_ring, orc_david_3, serial_demonic, serial_demonic_f,
          serial_demonic_e, serial_demonic_a, serial_demonic_b, minivault_22,
          hangedman_decor_growths
D:13:     layout_irregular_city, grunt_vaults_entry_fortified,
          grunt_ministairs_9, blue_anna_alchemist
D:14:     layout_basic, kennysheep_small_spiral, nicolae_wwwww,
          chequers_serial_rivers_small_b, hangedman_fish_farm
D:15:     gammafunk_depths_entry_grave, layout_stronghold,
          gauntlet_entry_generic, nicolae_hepliaklqana_hazy_memory
Temple:   hellmonk_temple_forest_ring
Lair:1:   layout_regular_city, infiniplex_staircase_pool_2, lemuel_fruit_fields,
          uniq_nergalle, uniq_gastronok
Lair:2:   layout_chaotic_city, nicolae_swamp_entry_splash_gauntlet,
          nicolae_spider_entry_non_spiders, beast_lair_carwin_7
Lair:3:   layout_regular_city, nzn_masters_of_martial_movement,
          serial_bayou_shore_a, grunt_megastairs_2
Lair:4:   layout_regular_city, slime_entry_1, enter_volcano_4
Lair:5:   hangedman_lair_in_review, layout_gridlike, serial_bayou_shore_b
Swamp:1:  layout_falls_marsh, hangedman_swamp_ruin_hall, uniq_donald
Slime:1:  layout_caves
Slime:2:  cheibrodos_slime_lost_civilization_9, layout_caves
Slime:3:  layout_caves
Slime:4:  layout_caves
Slime:5
Orc:1:    layout_diamond_mine, basic_altar, minmay_orc_barracks
Orc:2:    grunt_orc_tribal_feast, layout_diamond_mine, basic_altar, elf_legates,
          uniq_azrael

Skill      XL: |  1  2  3  4  5  6  7  8  9 10 11 12 13 14 15 |
---------------+----------------------------------------------+-----
Axes           | 3 4 5 6 7 9 11 13 15 17 19 20 22 | 22.1
Fighting       | 4 5 7 8 9 10 12 13 14 15 | 15.2
Armour         | 4 5 6 7 8 9 11 12 13 14 | 14.0
Shields        | 4 5 6 7 8 10 11 12 13 14 | 14.0

Action                     |  1- 3 |  4- 6 |  7- 9 | 10-12 | 13-15 || total
---------------------------+-------+-------+-------+-------+-------++-------
  Melee: War axe           |    93 |   137 |   362 |   438 |  1039 ||  2069
         Labrys            |       |       |       |       |    31 ||    31
  Throw: Javelin           |       |       |    15 |     6 |       ||    21
 Invoke: Potion Petition   |       |       |       |       |     1 ||     1
         Call Merchant     |       |       |       |       |     3 ||     3
  Evoke: Wand              |       |       |       |       |     3 ||     3
         Condenser vane    |       |       |       |       |     1 ||     1
    Use: Scroll            |     3 |     6 |    22 |     4 |    20 ||    55
         Potion            |     2 |       |     2 |     2 |     9 ||    15
   Stab: Paralysed         |       |     1 |     1 |     1 |       ||     3
         Petrified         |       |       |     3 |       |       ||     3
         Petrifying        |       |       |     2 |       |       ||     2
         Distracted        |       |       |     1 |     1 |     5 ||     7
         Confused          |       |       |       |     2 |       ||     2
         Invisible         |       |       |       |       |     3 ||     3
 Armour: Scale mail        |    78 |     7 |       |       |       ||    85
         Plate armour      |       |    61 |   149 |   254 |   185 ||   649
         Skin              |       |       |       |       |     9 ||     9
         Crystal plate arm |       |       |       |       |   376 ||   376
  Dodge: Dodged            |    52 |    31 |    72 |    76 |   125 ||   356
  Block: Buckler           |     8 |       |       |       |       ||     8
         Kite shield       |    74 |   122 |   141 |       |       ||   337
         Reflection        |     2 |     3 |    10 |    28 |    44 ||    87
         Tower shield      |       |       |   176 |   509 |  1234 ||  1919

Table legend: (Time is in decaauts)
 A = Elapsed time spent in this place.
 B = Non-inter-level travel time spent in this place.
 C = Inter-level travel time spent in this place.
 D = Time resting spent in this place.
 E = Time spent auto-exploring this place.
 F = Levels seen in this place.
 G = Mean time per level.
                   A        B        C        D        E       F      G
               +--------+--------+--------+--------+--------+-----+--------+
         Total |  28623 |  27178 |   1445 |   7124 |  14187 |  33 |  867.4 |
       Dungeon |  14490 |  13803 |    687 |   2411 |   8480 |  15 |  966.0 |
        Temple |    138 |    111 |     27 |      0 |    100 |   1 |  138.0 |
          Lair |   8392 |   7886 |    506 |   3303 |   3293 |   5 | 1678.4 |
         Swamp |    131 |    131 |      0 |     94 |      0 |   1 |  131.0 |
    Slime Pits |   1072 |    969 |    103 |      0 |    936 |   5 |  214.4 |
  Orcish Mines |   1627 |   1506 |    121 |    241 |    788 |   2 |  813.5 |
       Ossuary |   1110 |   1110 |      0 |    498 |    198 |   1 | 1110.0 |
        Bailey |    652 |    652 |      0 |    408 |     49 |   1 |  652.0 |
       Volcano |    453 |    453 |      0 |    169 |    137 |   1 |  453.0 |
      Gauntlet |    553 |    553 |      0 |      0 |    205 |   1 |  553.0 |
               +--------+--------+--------+--------+--------+-----+--------+

Top non-repeatable levels by time:
  Lair:2: 2416 daAuts
  Lair:5: 2304 daAuts
  Lair:1: 1740 daAuts
     D:6: 1679 daAuts
    D:10: 1317 daAuts
   Orc:2: 1214 daAuts
     D:1: 1212 daAuts
     D:9: 1160 daAuts
 Ossuary: 1110 daAuts
     D:5: 1060 daAuts
    D:12: 1026 daAuts
    D:14: 1025 daAuts
     D:7: 1020 daAuts
    D:13: 1011 daAuts
  Lair:3: 1003 daAuts
